[Event "Early-Titled-Tuesday-Blitz-January-16-2024"]
[Site "Chess.com"]
[Date "2024.01.16"]
[Round "7"]
[White "MatthewG-p4p"]
[Black "Herzog2012"]
[Result "1-0"]
[WhiteElo "2901"]
[BlackElo "2534"]
[TimeControl "180+1"]
[EndTime "9:23:10 PST"]
[Termination "MatthewG-p4p won on time"]

1. e4 c5 2. Nf3 d6 3. c3 Nf6 4.
h3 Bd7 5. Bd3 Bc6 6. Qe2 Nbd7 7.
O-O e6 8. Bc2 Be7 9. d4 cxd4 10.
cxd4 O-O 11. Nc3 Rc8 12. Rd1 d5 13. e5 Ne4 14. Nxe4 dxe4 15. Bxe4 Bxe4 16. Qxe4 Qc7 17. d5 exd5 18. Qxd5 Rfd8 19. Bf4 Nc5 20.
Qc4 Rxd1+ 21. Rxd1 Ne6 22. Qxc7 Rxc7 23. Be3 Bc5 24.
Bxc5 Rxc5 25. Rd7 Rb5 26. b3 Kf8 27. Kf1 Ra5 28. Rd2 Rc5 29. g3 Ke7 30. Ke2 Rc1 31. Ke3 Rc3+ 32. Ke4 b6 33. Nd4 Nxd4 34. Kxd4 Rc1 35.
Kd5 g5 36. Ke4 Ke6 37. Rd6+ Ke7 38. Kf5 Rc2 39. f4 gxf4 40. gxf4 Rxa2 41. Rh6 Rb2 42. Rxh7 Rxb3 43. Rh8 a5 44. h4 a4 45. Ra8 Rb4 46.
Ra7+ Kf8 47. h5 Kg7 48. e6 Rb5+ 49. Kg4 Kf6 50. e7 1-0

[Event "Early-Titled-Tuesday-Blitz-January-16-2024"]
[Site "Chess.com"]
[Date "2024.01.16"]
[Round "7"]
[White "Jospem"]
[Black "crescentmoon2411"]
[Result "1-0"]
[WhiteElo "3090"]
[BlackElo "2948"]
[TimeControl "180+1"]
[EndTime "9:23:11 PST"]
[Termination "Jospem won by checkmate"]

1. e4 c5 2. Nf3 Nc6 3. c3 d5 4. exd5 Qxd5 5. d4 Nf6 6. Be3 cxd4 7. cxd4 g6 8. Nc3 Qd8 9. d5 Nb8 10. h3 Bg7 11. Bc4 O-O 12. O-O Ne8 13. Re1 Nd6 14.
Bb3 Nd7 15. Qe2 Re8 16. Bg5 Nf6 17. Ne5 Bd7 18. Rad1 a6 19. Qf3 Rc8 20. Bf4 Bb5 21.
g4 Bc4 22. Nxc4 Nxc4 23. Re2 Nd7 24. Rde1 b5 25. d6 e6 26. Bxc4 Rxc4 27. Ne4 Qa8 28. b3 Rc6 29. Bg3 h6 30. h4 Rcc8 31. g5 h5 32. Kg2 Qd5 33. Rd2 Qf5 34. Red1 Qxf3+ 35. Kxf3 Rc6 36. Kg2 Rec8 37. b4 Kf8 38. Nc5 Rxc5 39. bxc5 Rxc5 40. f3 Ke8 41. Rb1 Bc3 42. Rd3 b4 43.
Be1 Bxe1 44. Rxe1 Rc2+ 45. Kg3 Nc5 46. Rd4 Kd7 47. Rxb4 Kxd6 48. Rd1+ Kc6 49. Rf4 Rxa2 50. Rxf7 a5 51. Rf6 a4 52. Rxg6 a3 53. Rg8 Kb7 54. g6 Rb2 55. g7 a2 56. Rgd8 Rb1 57. g8=Q a1=Q 58. Rb8+ Kc6 59. Qc8# 1-0

[Event "Early-Titled-Tuesday-Blitz-January-16-2024"]
[Site "Chess.com"]
[Date "2024.01.16"]
[Round "7"]
[White "KarstenHansch"]
[Black "ilqar_74"]
[Result "0-1"]
[WhiteElo "2652"]
[BlackElo "2818"]
[TimeControl "180+1"]
[EndTime "9:23:11 PST"]
[Termination "ilqar_74 won by resignation"]

1. e4 c5 2. Nf3 d6 3. Bb5+ Bd7 4. c4 e5 5. Nc3 Nf6 6. Bxd7+ Qxd7 7. d3 h6 8. O-O Nc6 9. a3 Be7 10. Rb1 O-O 11.
b4 b6 12. b5 Nd4 13. Nxd4 cxd4 14. Nd5 Nxd5 15. cxd5 Rfc8 16. Bd2 a6 17. bxa6 Rxa6 18. Rb3 Rca8 19. Bb4 Rc8 20. Qd2 Bg5 21. Qb2 Raa8 22. g3 Be7 23. Bd2 Bd8 24. Bb4 Qc7 25. Bd2 Qc2 26. Rb1 Qxb2 27. R1xb2 g6 28. Bb4 Be7 29. Bd2 Kg7 30. Kf1 Rc7 31. Ke2 b5 32. Rxb5 Rxa3 33. Rb7 Ra7 34. Rxc7 Rxc7 35. f4 f6 36. Rb6 h5 37. Kd1 Ra7 38. fxe5 fxe5 39. Kc2 Kf7 40. Kb2 Ke8 41. Bb4 Kd7 42. Rb8 g5 43.
Rh8 Rb7 44. Kb3 h4 45. gxh4 gxh4 46. h3 Rc7 47. Be1 Rc1 48. Bxh4 Bxh4 49. Rxh4 Rc3+ 50. Kb2 Rxd3 51. Rh7+ Kc8 52. Rh6 Kc7 53. Rh7+ Kb6 54. Rd7 Kc5 55. Rc7+ Kb4 56. Rc6 Re3 57. Rxd6 Rxe4 58.
Rc6 d3 59. Kc1 Rd4 60. d6 e4 61. Kd2 e3+ 62. Kxe3 d2 63. Kxd4 d1=Q+ 64. Ke5 Kb5 65. Rc7 Qe2+ 66. Kf6 Kb6 67. h4 Qh5 68. Ke7 Qxh4+ 69. Ke6 Qg4+ 70. Ke7 Qg5+ 71. Ke6 Qe3+ 72. Kd7 Qh3+ 73. Ke7 Qh7+ 74. Ke6 Qe4+ 75. Kd7 Qe5 76.
Rc6+ Kb7 77. Rc7+ Ka6 78. Rc6+ Kb5 79. Rc7 Qf5+ 80. Ke7 Kb6 81. Rc1 Qh7+ 82. Ke8 Qg8+ 83. Ke7 Qg5+ 0-1

[Event "Early-Titled-Tuesday-Blitz-January-16-2024"]
[Site "Chess.com"]
[Date "2024.01.16"]
[Round "7"]
[White "chucksterf10"]
[Black "ylr5000"]
[Result "0-1"]
[WhiteElo "2646"]
[BlackElo "2470"]
[TimeControl "180+1"]
[EndTime "9:23:11 PST"]
[Termination "ylr5000 won by resignation"]

1. e3 Nf6 2. Nf3 g6 3. b4 Bg7 4. Bb2 O-O 5. c4 b6 6. d4 Bb7 7. Nbd2 a5 8. b5 d6 9. a4 Nbd7 10. Be2 e5 11. O-O Re8 12. Rc1 exd4 13. exd4 Bh6 14.
Rc2 Ne4 15. Nxe4 Bxe4 16. Bd3 Qf6 17. Bxe4 Rxe4 18. c5 d5 19. c6 Nf8 20. Ne5 Ne6 21. Re2 Rxe2 22. Qxe2 Qf5 23. Re1 Re8 24. Qf3 Qxf3 25.
Nxf3 Bf8 26. Ne5 Bd6 27. Nd7 Kg7 28. g3 h5 29. h4 Rd8 30. Kg2 Nf8 31. Ne5 Bxe5 32.
Rxe5 Ne6 33. f4 Kf6 34. Kf3 Ng7 35. Bc3 Nf5 36. Kf2 Kg7 37. Re1 Nd6 38. Bb2 Ne4+ 39. Kg2 Kf6 40. Ba3 Kf5 41. Kf3 Re8 42. Re2 Re6 43. Rc2 Nf6 44. Bc1 Re1 45. Bd2 Ra1 46. Bxa5 bxa5 47. b6 Ne8 48. b7 Rb1 49. Rc5 Rb3+ 50.
Ke2 Ke4 51. Rxa5 Nd6 52. Ra8 Nxb7 53. cxb7 Rxb7 54. a5 Rb2+ 55. Kd1 Kxd4 56. a6 Ra2 57. Rc8 c5 58. Ra8 Kd3 59. Kc1 c4 60. Kb1 Ra5 61.
a7 d4 62. f5 gxf5 63. Kb2 c3+ 64. Kb3 Ra1 65. Kb4 c2 66. Rc8 Rxa7 0-1

[Event "Early-Titled-Tuesday-Blitz-January-16-2024"]
[Site "Chess.com"]
[Date "2024.01.16"]
[Round "7"]
[White "Predator0608"]
[Black "NelsonLinda"]
[Result "1-0"]
[WhiteElo "2489"]
[BlackElo "2604"]
[TimeControl "180+1"]
[EndTime "9:23:12 PST"]
[Termination "Predator0608 won by resignation"]

1. f4 Nf6 2. Nf3 b6 3. g3 Bb7 4. Bg2 g6 5. O-O Bg7 6. d3 d5 7.
Qe1 O-O 8. Nbd2 d4 9. e4 dxe3 10.
Qxe3 Nbd7 11. Re1 e6 12. Nb3 c5 13. a4 Qc7 14. Qe2 Rad8 15. Bd2 Nd5 16. Rab1 Bc6 17. a5 Ba4 18. axb6 axb6 19. h4 Bxb3 20.
cxb3 h5 21. g4 hxg4 22. Ng5 N7f6 23. Rf1 Rd7 24. Rbe1 Rfd8 25. Be4 Ne7 26. Bc3 Nf5 27. Be5 Qc8 28. Bxf6 Bxf6 29. Qxg4 Rxd3 30. Bxd3 Rxd3 31. Rf3 Qd7 32. h5 Rxf3 33. Nxf3 Kg7 34. hxg6 fxg6 35. Kh1 Qd5 36. Kh2 Qxb3 37. Rg1 Ne7 38. Rg2 Qe3 39.
Ng5 Bxg5 40. Qxg5 Kf7 41. Qh4 Qe4 42. Qh7+ Ke8 43. Qh8+ Kd7 44. Rd2+ Kc7 45. Qd8+ Kb7 46. Qxe7+ Ka6 47. Qf8 Qf3 48. Qh6 Qe3 49. Rg2 Qc3 50.
bxc3 1-0

[Event "Early-Titled-Tuesday-Blitz-January-16-2024"]
[Site "Chess.com"]
[Date "2024.01.16"]
[Round "7"]
[White "hmatyi07"]
[Black "MusicCityMaster"]
[Result "1-0"]
[WhiteElo "2224"]
[BlackElo "2407"]
[TimeControl "180+1"]
[EndTime "9:23:12 PST"]
[Termination "hmatyi07 won by checkmate"]

1. e4 e6 2. d4 d5 3. Nc3 Bb4 4. exd5 exd5 5. Bd3 Nc6 6. a3 Bd6 7. Nge2 Nge7 8. Be3 Bg4 9. f3 Bf5 10. Qd2 Qd7 11. O-O-O O-O-O 12. Nb5 Kb8 13. Nxd6 Qxd6 14.
Bf4 Qg6 15. Ng3 Bxd3 16. Qxd3 Qf6 17. Qd2 h6 18. Rhe1 Ng6 19. Be3 Qd6 20. Nf5 Qf6 21. Qd3 Na5 22. b3 Rhe8 23. Bd2 Nc4 24. bxc4 dxc4 25. Qxc4 Qxf5 26. Bb4 Qf4+ 27. Kb1 Qxh2 28.
Rxe8 Rxe8 29. Qxf7 Rc8 30. Qxg6 b6 31. Qxg7 a5 32.
Bd2 Qd6 33. Qxh6 Qxa3 34. Bf4 Qb4+ 35. Kc1 Re8 36. Qh7 Qa3+ 37. Kb1 Qb4+ 38. Kc1 Qc3 39. Bxc7+ Qxc7 40. Qxc7+ Kxc7 41. Kd2 Kc6 42. c3 Kd5 43. Kd3 b5 44. Rb1 Rb8 45. Rxb5+ Rxb5 46. c4+ Kc6 47. cxb5+ Kxb5 48. Kc3 a4 49. Kb2 Kb4 50. d5 Kc5 51. Ka3 Kxd5 52. Kxa4 Ke5 53. Kb3 Kf4 54. Kc3 Kg3 55. Kd3 Kxg2 56. Ke4 Kg3 57. f4 Kg4 58. Ke5 Kh5 59. f5 Kh6 60. Ke6 Kg7 61. Ke7 Kg8 62. f6 Kh7 63. f7 Kg6 64. f8=Q Kh7 65. Qf2 Kg6 66. Qf6+ Kh7 67. Qg5 Kh8 68. Kf7 Kh7 69. Qh5# 1-0

[Event "Early-Titled-Tuesday-Blitz-January-16-2024"]
[Site "Chess.com"]
[Date "2024.01.16"]
[Round "7"]
[White "margarita_2703"]
[Black "LangesNasenhaar"]
[Result "1/2-1/2"]
[WhiteElo "2285"]
[BlackElo "2420"]
[TimeControl "180+1"]
[EndTime "9:23:12 PST"]
[Termination "Game drawn by stalemate"]

1. e4 g6 2. d4 Bg7 3. c3 c6 4.
Bd3 d5 5. e5 c5 6. Nf3 Nc6 7.
h3 c4 8. Bc2 b5 9. O-O Nh6 10.
b3 Bf5 11. a4 a6 12. a5 O-O 13. b4 e6 14. Bg5 Qd7 15. Na3 Kh8 16. Qd2 Ng8 17.
g4 Be4 18. Nh2 f6 19. exf6 Nxf6 20. f3 Bxc2 21. Nxc2 e5 22. dxe5 Nxe5 23. Nd4 Nd3 24. Bh6 Rfe8 25. Bxg7+ Kxg7 26. Qg5 Ng8 27. Ra2 h6 28.
Qh4 Qe7 29. Qxe7+ Rxe7 30. Re2 Rxe2 31. Nxe2 Re8 32. Nd4 Re3 33. f4 Nf6 34. Nhf3 Nxf4 35.
Ra1 Nxh3+ 36. Kf1 Nxg4 37. Kg2 Ng5 38. Nxg5 hxg5 39. Ra3 Re7 40. Nc6 Rc7 41. Nb8 Ra7 42.
Nc6 Ra8 43. Ne7 Nf6 44. Ra2 Kf7 45. Nc6 Ne4 46. Rc2 Ke6 47. Nd4+ Ke5 48. Kf3 Rf8+ 49. Ke3 Ng3 50. Nc6+ Kd6 51. Nd4 Nf5+ 52. Nxf5+ gxf5 53.
Rh2 Rf6 54. Kd4 Re6 55. Re2 Rxe2 1/2-1/2

[Event "Early-Titled-Tuesday-Blitz-January-16-2024"]
[Site "Chess.com"]
[Date "2024.01.16"]
[Round "7"]
[White "masterofpuppets2"]
[Black "Nikolakis2014"]
[Result "0-1"]
[WhiteElo "2528"]
[BlackElo "2735"]
[TimeControl "180+1"]
[EndTime "9:23:13 PST"]
[Termination "Nikolakis2014 won by resignation"]

1. d4 d5 2. c4 e6 3. Nf3 Nf6 4. g3 Be7 5. Bg2 O-O 6. O-O c6 7. Qc2 b6 8. Rd1 Ba6 9. Nbd2 Nbd7 10. b3 Rc8 11. e4 c5 12. Bb2 cxd4 13. Nxd4 dxc4 14.
bxc4 Qc7 15. Rac1 Rfd8 16. Qb1 Ne5 17. Nb5 Bxb5 18. cxb5 Qb8 19. Rxc8 Rxc8 20. Nb3 Nc4 21. Ba1 Na3 22. Qd3 Rd8 23. Qe2 Rxd1+ 24. Qxd1 Nxb5 25. e5 Nd5 26. Bxd5 exd5 27. Qxd5 Nc7 28. Qd7 Bc5 29. Bd4 Ne6 30. Bc3 h5 31. h4 Qa8 32.
Qd3 Qc6 33. Nd2 Qa4 34. Qc4 Qc2 35. a4 a5 36. Kg2 Qf5 37. Ne4 Bd4 38. f3 Qxe5 39.
Bxd4 Qxd4 40. Qc8+ Nf8 41. Qc2 Qb4 42. Kh3 Ne6 43. Qc8+ Qf8 44. Qc2 Qd8 45. Kg2 Qd7 46. Qb3 Nc7 47. Qc2 Ne6 48. Qb3 Qc6 49. Qb2 Qxa4 50.
Qxb6 Qd7 51. Qxa5 Nd4 52. Qa8+ Kh7 53. Qa2 f6 54. Qf2 Nf5 55. Qe2 Qe7 56. Qf2 Qe5 57. Qc2 Ne3+ 58. Kf2 Nxc2 0-1

[Event "Early-Titled-Tuesday-Blitz-January-16-2024"]
[Site "Chess.com"]
[Date "2024.01.16"]
[Round "7"]
[White "CristianS27"]
[Black "01Roman"]
[Result "1-0"]
[WhiteElo "2609"]
[BlackElo "2442"]
[TimeControl "180+1"]
[EndTime "9:23:13 PST"]
[Termination "CristianS27 won on time"]

1. e4 e5 2. Nf3 Nc6 3. Bc4 f5 4. d4 exd4 5. e5 d5 6. exd6 Qxd6 7. O-O Bd7 8. Re1+ Be7 9. Na3 O-O-O 10. Qe2 Bf6 11. Nb5 Qc5 12. Bf4 Na5 13. Bd3 Bxb5 14. Bxb5 Ne7 15. a3 Nac6 16. Ng5 Bxg5 17. Bxg5 Rde8 18.
Bxc6 Nxc6 19. Qxe8+ Rxe8 20. Rxe8+ Kd7 21. Rae1 Qxc2 22.
Rg8 d3 23. Rxg7+ Kd6 24. Bf4+ Kd5 25. Rxh7 Qxb2 26. h4 Kc4 27. Rd7 Qh8 28. Bg5 Qg8 29. Rc1+ Kb3 30. Rxd3+ Kb2 31. Rdc3 Qd5 32. Bf6 Ka2 33.
R1c2+ Kb1 34. Rc1+ Ka2 35. R1c2+ Kb1 36. h5 Qd1+ 37. Kh2 Qxh5+ 38. Kg1 Qd1+ 39. Kh2 Qh5+ 40. Rh3 Qxh3+ 41. gxh3 Kxc2 42. h4 b5 43. h5 a5 44. h6 b4 45. axb4 axb4 46. h7 b3 47. h8=Q b2 48. Bxb2 1-0

[Event "Early-Titled-Tuesday-Blitz-January-16-2024"]
[Site "Chess.com"]
[Date "2024.01.16"]
[Round "7"]
[White "Witty_Alien"]
[Black "valik3504"]
[Result "0-1"]
[WhiteElo "2358"]
[BlackElo "2557"]
[TimeControl "180+1"]
[EndTime "9:23:13 PST"]
[Termination "valik3504 won by checkmate"]

1. e4 e5 2. d4 exd4 3. c3 d5 4. e5 dxc3 5. Nf3 c6 6. Bd3 Bg4 7. O-O Nd7 8. Re1 Nc5 9. Bc2 Ne6 10. Nxc3 Bc5 11. h3 Bh5 12. Na4 Bb4 13. Re3 Ne7 14.
a3 Ba5 15. b4 Bc7 16. Nc5 Bb6 17. Nxb7 Qd7 18. Nd6+ Kf8 19. Rb3 Nd4 20. Rd3 Nxf3+ 21. Rxf3 Bxf3 22. Qxf3 Ng6 23. Bf5 Qe7 24. Bxg6 hxg6 25.
Bg5 Qe6 26. Re1 Rh5 27. h4 Kg8 28. g4 Rh8 29. Kg2 f6 30. exf6 Qxd6 31. fxg7 Rh7 32. Re7 Rxg7 33. Rxg7+ Kxg7 34. h5 gxh5 35. gxh5 Rg8 36.
h6+ Kh8 37. Qf5 Qg6 38. Qxg6 Rxg6 39. f4 Bc7 40. Kf3 Kh7 41. Kg4 Rxh6 42. Bxh6 Kxh6 43. a4 d4 44. Kf3 Bd6 45. b5 cxb5 46. axb5 Kg6 47.
Ke4 Bc5 48. Kd3 Kf5 49. Kc4 Bb6 50. Kd3 Kxf4 51. Kc4 Ke3 52. Kb3 d3 53. Kc4 d2 54.
Kb3 d1=Q+ 55. Kb4 Qd4+ 56. Ka3 Qc3+ 57. Ka4 Qa5+ 58. Kb3 Qxb5+ 59. Ka2 Kd2 60. Ka3 Bd4 61. Ka2 Qb2# 0-1

[Event "Early-Titled-Tuesday-Blitz-January-16-2024"]
[Site "Chess.com"]
[Date "2024.01.16"]
[Round "7"]
[White "agvega14"]
[Black "imdarealist"]
[Result "1-0"]
[WhiteElo "2136"]
[BlackElo "2263"]
[TimeControl "180+1"]
[EndTime "9:23:13 PST"]
[Termination "agvega14 won by checkmate"]

1. d4 d5 2. c4 e6 3. Nc3 Nf6 4. cxd5 exd5 5. Bg5 c6 6. e3 Qb6 7. Qc2 Ne4 8. Bf4 Bb4 9. Bd3 Nf6 10. Ne2 Be6 11. a3 Be7 12. b4 Nbd7 13. O-O O-O 14. h3 h6 15. Na4 Qd8 16. Nc5 Nxc5 17. dxc5 Nd7 18. Nd4 Bf6 19. Bh7+ Kh8 20. Bf5 Re8 21. Rad1 Qe7 22. Bd6 Qd8 23. Nxe6 fxe6 24. Bg6 e5 25. Bxe8 Qxe8 26. Qf5 Qf7 27. Qg4 a5 28. Rb1 a4 29.
b5 Nf8 30. bxc6 bxc6 31. Rb6 d4 32. exd4 exd4 33. Rxc6 Kh7 34. Rc7 Qd5 35. Rd1 d3 36.
Qf3 Qxf3 37. gxf3 Ne6 38. Rxd3 Nxc7 39. Bxc7 Bb2 40. Bd6 Rc8 41. Re3 Bd4 42. Re4 Bb2 43. Rxa4 Rd8 44. Ra7 Re8 45. Kg2 Re2 46. c6 Rc2 47. c7 Bd4 48. Ra8 Bxf2 49. c8=Q Bc5+ 50. Kf1 Rc1+ 51. Ke2 Bxa3 52. Qf5+ g6 53. Qf7# 1-0

[Event "Early-Titled-Tuesday-Blitz-January-16-2024"]
[Site "Chess.com"]
[Date "2024.01.16"]
[Round "7"]
[White "Alenzer"]
[Black "Kopytkin"]
[Result "0-1"]
[WhiteElo "2129"]
[BlackElo "2393"]
[TimeControl "180+1"]
[EndTime "9:23:15 PST"]
[Termination "Kopytkin won by checkmate"]

1. e4 Nf6 2. e5 Nd5 3. d4 d6 4.
Bc4 Nb6 5. Bb3 d5 6. c3 Bf5 7.
Ne2 e6 8. O-O c5 9. Bc2 Bxc2 10.
Qxc2 Nc6 11. a3 cxd4 12. cxd4 Rc8 13. Qd3 Na5 14. Nbc3 Be7 15. f4 g6 16. Qb5+ Nd7 17.
Qd3 Qb6 18. Na4 Qa6 19. Qxa6 bxa6 20. Nac3 O-O 21. Rb1 Nb3 22. Be3 Rc4 23. Rfd1 Rb8 24. Kf2 Nb6 25. g4 Rcc8 26. Kg3 Nc4 27. Bf2 Nbd2 28.
Rbc1 Rxb2 29. f5 Rcb8 30. fxg6 hxg6 31. Ra1 Ne4+ 32. Nxe4 dxe4 33. Nf4 R8b3+ 34. Kg2 Ne3+ 35. Kg1 Nxd1 36. Rxd1 Rb1 37. Rxb1 Rxb1+ 38. Kg2 Bg5 39. Be3 Rb2+ 40. Kg3 Rb3 41. Kf2 Bxf4 42. Bxf4 Rf3+ 43. Ke2 Rxf4 44. Ke3 Rxg4 45. h3 Rh4 46. d5 exd5 47. e6 fxe6 48. a4 e5 49. a5 d4+ 50. Ke2 Kf7 51. Kf2 Rxh3 52. Kg2 Ra3 53. Kf2 Kf6 54.
Ke2 Kf5 55. Kd2 Kg4 56. Ke2 e3 57. Kf1 d3 58. Kg2 Rxa5 59. Kh2 Kf3 60. Kh3 e4 61. Kh2 Kf2 62. Kh3 d2 63. Kg4 Rf5 64. Kh4 Kf3 65.
Kh3 Rh5# 0-1

[Event "Early-Titled-Tuesday-Blitz-January-16-2024"]
[Site "Chess.com"]
[Date "2024.01.16"]
[Round "7"]
[White "dosto07"]
[Black "Sychev_Klementy"]
[Result "0-1"]
[WhiteElo "2529"]
[BlackElo "2769"]
[TimeControl "180+1"]
[EndTime "9:23:16 PST"]
[Termination "Sychev_Klementy won by resignation"]

1. e4 e5 2. Nf3 Nc6 3. Bb5 a6 4.
Ba4 f5 5. d3 fxe4 6. dxe4 Nf6 7.
Qd3 d6 8. O-O Be7 9. Bg5 Be6 10.
Bb3 Qd7 11. Bxe6 Qxe6 12. Nc3 Nb4 13. Qe2 O-O 14. a3 Nc6 15. Bxf6 Rxf6 16. Nd5 Rg6 17. Nxc7 Qg4 18. g3 Rf8 19. Kg2 Rgf6 20. Ng1 Qg6 21. Nd5 R6f7 22. c3 Nd8 23. Rad1 Ne6 24. Kh1 Bd8 25.
f3 h5 26. Qg2 Ng5 27. Ne3 Bb6 28. Nf5 Rxf5 29. exf5 Rxf5 30. Nh3 Nf7 31. Qc2 Qe6 32. Qe4 Rf6 33. Kg2 Qd7 34. Qd5 Kh8 35. c4 Qc7 36. b4 Bd4 37. Rxd4 exd4 38. Qxd4 Ne5 39. Nf4 Qxc4 40.
Qxc4 Nxc4 41. Rc1 b5 42. a4 h4 43. axb5 axb5 44. Ra1 hxg3 45. hxg3 g5 46. Ra8+ Kh7 47. Ra7+ Kh6 48. Nd5 Rf5 49. Nc3 Re5 50. Rd7 Kg6 51.
Ne4 g4 52. Nxd6 Re2+ 53. Kf1 gxf3 54. Nxc4 bxc4 55. Rd4 c3 56. Rc4 c2 57. Rc3 Rd2 58. Ke1 Rd1+ 59. Kf2 c1=Q 60. Rxc1 Rxc1 61. Kxf3 Rb1 62. b5 Rxb5 63. Kg4 Rb4+ 64. Kh3 Kg5 65. g4 Rb3+ 66. Kg2 Kxg4 67. Kf2 Kf4 68. Ke2 Ke4 69.
Kd2 Kd4 70. Kc2 Rh3 0-1

[Event "Early-Titled-Tuesday-Blitz-January-16-2024"]
[Site "Chess.com"]
[Date "2024.01.16"]
[Round "7"]
[White "artin10862"]
[Black "Rud_Makarian"]
[Result "0-1"]
[WhiteElo "2916"]
[BlackElo "3039"]
[TimeControl "180+1"]
[EndTime "9:23:17 PST"]
[Termination "Rud_Makarian won on time"]

1. Nf3 Nf6 2. c4 e6 3. Nc3 d5 4.
e3 dxc4 5. Bxc4 a6 6. O-O b5 7.
Be2 Bb7 8. b3 c5 9. Bb2 Nbd7 10.
Rc1 Be7 11. a4 b4 12. Nb1 O-O 13. d3 Nd5 14. Nbd2 Rc8 15. Nc4 Bf6 16. Nfe5 Nxe5 17. Nxe5 Qc7 18. d4 Bxe5 19. dxe5 Rfd8 20. Qc2 a5 21. e4 Nb6 22. Rfd1 Rxd1+ 23. Rxd1 c4 24.
bxc4 h6 25. Rd6 Nxc4 26. Bxc4 Qxc4 27. Rd8+ Rxd8 28. Qxc4 Rd1+ 29. Qf1 Rxf1+ 30. Kxf1 Bxe4 31. Bd4 Bc6 32. Bb6 b3 33. Bd4 Bxa4 34. Ke1 Bc6 35. f3 g5 36. Kf2 a4 37. Bb2 Bd5 38. Ke3 Kg7 39. g4 Kf8 40. f4 Ke7 41. fxg5 hxg5 42. Kd4 Bf3 43. Bc1 Kd7 44. Kc3 Bxg4 45. Bxg5 Kc6 46.
Kb2 Kb5 47. Be7 Kc4 48. Bf8 Bh5 49. h3 f5 50. exf6 e5 51. Bh6 e4 52. Ka3 Kd3 53. f7 Bxf7 0-1

[Event "Early-Titled-Tuesday-Blitz-January-16-2024"]
[Site "Chess.com"]
[Date "2024.01.16"]
[Round "7"]
[White "GMJustin"]
[Black "ErikRonka"]
[Result "1/2-1/2"]
[WhiteElo "2323"]
[BlackElo "2515"]
[TimeControl "180+1"]
[EndTime "9:23:18 PST"]
[Termination "Game drawn by repetition"]

1. d4 d5 2. c4 c6 3. Nf3 Nf6 4.
e3 e6 5. b3 c5 6. cxd5 Nxd5 7.
Bb5+ Bd7 8. Bxd7+ Nxd7 9. O-O Be7 10. Bb2 O-O 11. e4 N5f6 12. Nbd2 Rc8 13. Qe2 cxd4 14. Nxd4 Bc5 15. Rac1 Qe7 16. Nc4 a6 17. a4 Rfd8 18.
Rfd1 h6 19. Kh1 Ne8 20. f3 Bxd4 21. Bxd4 e5 22. Bb2 f6 23. Ba3 Qf7 24. Rd5 Nf8 25.
Rcd1 Ne6 26. Rxd8 Rxd8 27. Rxd8 Nxd8 28. Qd3 Ne6 29. Qd5 N8c7 30. Qxb7 Kh7 31. Nd6 Qg6 32. Nf5 Nf4 33. g3 Nfe6 34. Bd6 Ne8 35. Qe7 Nxd6 36.
Qxe6 Nf7 37. Ne7 Qh5 38. g4 Qh3 39. Kg1 Qxf3 40. Qxf7 Qxg4+ 41. Kf2 Qf4+ 42. Ke2 Qxe4+ 43. Kd2 Qd4+ 44. Kc2 Qe4+ 45. Kc3 Qd4+ 46. Kc2 Qe4+ 47. Kb2 Qd4+ 48. Ka2 Qd2+ 49. Ka3 Qd6+ 50. b4 Qd3+ 51. Kb2 Qd2+ 52. Kb3 Qd3+ 53. Kb2 Qd4+ 54. Kb3 Qe3+ 55. Kc4 Qd4+ 56. Kb3 Qd3+ 57. Kb2 1/2-1/2

[Event "Early-Titled-Tuesday-Blitz-January-16-2024"]
[Site "Chess.com"]
[Date "2024.01.16"]
[Round "7"]
[White "PawnEatingZombie"]
[Black "sansanathalia"]
[Result "1/2-1/2"]
[WhiteElo "2152"]
[BlackElo "2387"]
[TimeControl "180+1"]
[EndTime "9:23:18 PST"]
[Termination "Game drawn by repetition"]

1. e4 c5 2. c3 Nf6 3. e5 Nd5 4.
Nf3 Nc6 5. Bc4 Nb6 6. Bb3 d6 7. exd6 Qxd6 8. O-O g6 9. a4 a5 10.
Na3 Bg7 11. Nb5 Qd8 12. d3 O-O 13. Re1 Bg4 14. h3 Bxf3 15. Qxf3 e6 16. Bf4 e5 17. Be3 Qe7 18. Rad1 Rad8 19. d4 cxd4 20. Bxd4 Nxd4 21. cxd4 Qb4 22. dxe5 Nxa4 23. Bxf7+ Rxf7 24. Rxd8+ Bf8 25. Qe2 Nxb2 26. e6 Re7 27. Red1 Nc4 28. Nd4 Qc5 29. Nf3 a4 30. Rc1 b5 31. Rd7 a3 32. Rxe7 Bxe7 33.
Qc2 Qd6 34. Qb3 Qa6 35. Nd4 a2 36. Ra1 Bf6 37. Rxa2 Qd6 38. Nxb5 Qxe6 39. Kh2 Be5+ 40. g3 Qd5 41. Nc3 Qc5 42. Ra8+ Kg7 43. Qb7+ Kh6 44. Qf3 Qd4 45. Rf8 Qxc3 46. Qxc3 Bxc3 47. Rc8 Bd4 48. Rxc4 Bxf2 49. Rf4 Bd4 50. Kg2 Be5 51. Rf3 Bg7 52. Rd3 Be5 53. Kf3 Bf6 54. h4 g5 55. hxg5+ Kxg5 56. g4 Kg6 57. Rd5 h6 58.
Kg3 Bg5 59. Kf3 Kf6 60. Ke4 Ke6 61. Rxg5 hxg5 62. Kd4 Kd6 63. Ke4 Ke6 64. Kd4 Kd6 65. Ke4 Ke6 1/2-1/2

[Event "Early-Titled-Tuesday-Blitz-January-16-2024"]
[Site "Chess.com"]
[Date "2024.01.16"]
[Round "7"]
[White "GMT4114"]
[Black "AlexandraSamaganova"]
[Result "0-1"]
[WhiteElo "1984"]
[BlackElo "2297"]
[TimeControl "180+1"]
[EndTime "9:23:18 PST"]
[Termination "AlexandraSamaganova won on time"]

1. e4 c5 2. Nc3 e6 3. Nge2 a6 4. g3 b5 5. Bg2 Bb7 6. d4 cxd4 7. Nxd4 Qc7 8. O-O Nc6 9. Re1 Be7 10. Nd5 Qd8 11.
Nxe7 Ngxe7 12. Qg4 O-O 13. Nxc6 Bxc6 14. Bh6 Ng6 15.
Bg5 Qb6 16. h4 f5 17. exf5 Bxg2 18. Be3 Qb7 19. fxg6 hxg6 20. Rad1 Bf3 21. Qxg6 Rf6 22.
Qd3 Bh1 23. Qf1 Raf8 24. Rd2 Bf3 25. c3 d5 26. Bd4 R6f7 27. Rxe6 Qd7 28. Qe1 Be4 29.
Rxe4 dxe4 30. Qxe4 Qh3 31. Qg2 Qg4 32. Qf1 Qf5 33.
Rd1 Qg4 34. Re1 Rf3 35. Qe2 Qf5 36. Qe6+ Qxe6 37. Rxe6 Rd3 38. Re2 Rd1+ 39. Kg2 Rf7 40. g4 Kh7 41. Kg3 Ra1 42. a3 Rg1+ 43. Kh3 Rd1 44. h5 Rd3+ 45. Kg2 Rd1 46. Kh3 Rd3+ 47. Kg2 Rf4 48. f3 Rfxf3 49. Re7 Rg3+ 50. Kf2 Rxg4 51.
Ke2 Rh3 52. h6 Rxh6 53. a4 Rh3 0-1

[Event "Early-Titled-Tuesday-Blitz-January-16-2024"]
[Site "Chess.com"]
[Date "2024.01.16"]
[Round "7"]
[White "GrotBchess"]
[Black "Eesha-Karavade"]
[Result "1-0"]
[WhiteElo "2312"]
[BlackElo "2402"]
[TimeControl "180+1"]
[EndTime "9:23:20 PST"]
[Termination "GrotBchess won by resignation"]

1. e4 e5 2. Nf3 Nc6 3. Bb5 a6 4. Ba4 Nf6 5. O-O Nxe4 6. d4 b5 7. Bb3 d5 8. dxe5 Be6 9. c3 Be7 10. Nbd2 Nc5 11. Bc2 d4 12. cxd4 Nxd4 13. Nxd4 Qxd4 14.
Nf3 Qxd1 15. Rxd1 Bg4 16. Be3 Rd8 17. Rxd8+ Kxd8 18. Nd4 Bd7 19. Rd1 Kc8 20. Nf5 Bxf5 21. Bxf5+ Ne6 22. Kf1 g6 23. Be4 Rd8 24. Rc1 Bg5 25.
Ke2 Nd4+ 26. Ke1 Bxe3 27. fxe3 Ne6 28. Rc6 Ng5 29. Bc2 Kb7 30. Rf6 Rd7 31. h4 Ne6 32.
Be4+ Kb6 33. Ke2 c5 34. h5 gxh5 35. Bxh7 Ka5 36. Bg8 Ng5 37. Rf5 Ne4 38. Bxf7 Rd2+ 39. Kf3 Nf2 40. e6 Ng4 41. Kg3 Nh6 42. Rf6 Ng4 43.
Rf3 Rd5 44. e7 Rg5 45. e8=Q Nf6+ 46. Kh4 Rg4+ 47. Kh3 Nxe8 48. Bxe8 Rb4 49. Rf2 Re4 50. Bxh5 Rxe3+ 51. Bf3 c4 52. g4 b4 53. g5 c3 54.
bxc3 bxc3 55. Kg4 Rd3 56. g6 Rd6 57. Kg5 Rd2 58. Rxd2 1-0

[Event "Early-Titled-Tuesday-Blitz-January-16-2024"]
[Site "Chess.com"]
[Date "2024.01.16"]
[Round "7"]
[White "ChainedDowntohell"]
[Black "Talent-OF-Slovenia"]
[Result "0-1"]
[WhiteElo "2546"]
[BlackElo "2409"]
[TimeControl "180+1"]
[EndTime "9:23:21 PST"]
[Termination "Talent-OF-Slovenia won by checkmate"]

1. d4 d5 2. c4 c6 3. Nf3 Nf6 4. Nc3 dxc4 5. e4 b5 6. Qc2 e6 7.
Be2 Be7 8. O-O O-O 9. Rd1 a6 10. Bf4 Nbd7 11. b3 cxb3 12. axb3 Bb7 13. h4 Rc8 14.
Ne5 c5 15. d5 exd5 16. exd5 Nxe5 17. d6 Bxd6 18. Bxe5 Bxe5 19. Rxd8 Rfxd8 20. Rd1 Bd4 21. Bf3 Bxf3 22. gxf3 g6 23. Ne2 Nd5 24. Kg2 Bf6 25. Qe4 Ne3+ 26. Qxe3 Rxd1 27. h5 c4 28. bxc4 bxc4 29.
Ng3 c3 30. Ne4 Bh8 31. Ng5 c2 32. Qe7 Rg1+ 33. Kxg1 c1=Q+ 34. Kg2 Qc4 35. Ne4 Qe6 36. Qb7 gxh5 37. Ng5 Qf5 38. f4 h6 39. Nxf7 Qg4+ 40. Kh2 Qh4+ 41. Kg2 Qg4+ 42. Kh2 Qxf4+ 43. Kg2 Qg4+ 44.
Kh2 Qf4+ 45. Kg2 Qxf7 46. Qxc8+ Kh7 47. Kf1 Bd4 48. Qc2+ Kg7 49. f4 Qxf4+ 50. Ke1 Qe3+ 51. Kd1 Qf3+ 52. Kc1 Qc3 53. Kd1 Qxc2+ 54. Ke1 h4 55. Kf1 Qf2# 0-1